 Dungeon Crawl Stone Soup version 0.19.4-9-g45fd643 (webtiles) character file.

85406 nikopol the Severer (level 15, -1/135 HPs)
             Began as a Minotaur Berserker on Feb 20, 2017.
             Was the Champion of Trog.
             Slain by a freezing wraith (8 damage)
             ... on level 13 of the Dungeon on Feb 21, 2017.
             The game lasted 01:32:40 (25061 turns).

nikopol the Severer (Minotaur Berserker)           Turns: 25061, Time: 01:32:41

Health: -1/135     AC: 29    Str: 25    XL:     15   Next: 37%
Magic:  0/14       EV: 18    Int:  4    God:    Trog [******]
Gold:   2544       SH:  0    Dex: 15    Spells: 0 memorised, 14 levels left

rFire  + . .     SeeInvis .     a - +2 war axe (elec)
rCold  . . .     Gourm    .     B - +2 plate armour {rPois}
rNeg   . . .     Faith    .     (no shield)
rPois  +         Spirit   +     N - +0 hat
rElec  .         Reflect  .     X - +2 cloak {rF+}
rCorr  .         Harm     .     l - +1 pair of gloves
MR     +....                    P - +1 pair of boots
Stlth  ..........               H - amulet of guardian spirit
                                Z - +3 ring of protection
                                K - +4 ring of evasion

@: exhausted, slowed, very slow
A: retaliatory headbutt, horns 2, agile 1
a: Berserk, Trog's Hand, Brothers in Arms, Burn Spellbooks, Renounce Religion


You were on level 13 of the Dungeon.
You worshipped Trog.
Trog was exalted by your worship.
You were hungry.

You visited 3 branches of the dungeon, and saw 21 of its levels.
You also visited: Ossuary, Bailey and Volcano.

You collected 2914 gold pieces.
You spent 370 gold pieces at shops.

Inventory:

Hand Weapons
 a - a +2 war axe of electrocution (weapon)
 z - a +4 shortbow of flaming
 E - the +1 broad axe of Yredelemnul's Outrage {elec, -Tele rPois rC++ rN+}
   (You bought it in a shop on level 6 of the Dungeon)

   Occasionally, upon striking a foe, it will discharge some electrical energy
   and cause terrible harm.
   It greatly protects you from cold.
   It protects you from poison.
   It protects you from negative energy.
   It prevents most forms of teleportation.
 J - a +5 longbow of freezing
Missiles
 h - 410 arrows (quivered)
Armour
 l - a +1 pair of gloves (worn)
 B - a +2 plate armour of poison resistance (worn)
 N - a +0 hat (worn)
 P - a +1 pair of boots (worn)
 X - a +2 cloak of fire resistance (worn)
 Y - a +3 scale mail of fire resistance
Jewellery
 D - an uncursed ring of resist corrosion
 H - an amulet of guardian spirit (around neck)
 K - a +4 ring of evasion (left hand)
 Z - a +3 ring of protection (right hand)
Wands
 b - a wand of slowing (25/48)
 p - a wand of disintegration (20/24)
 s - a wand of digging (12/24)
 x - a wand of digging (12/24)
 I - a wand of paralysis (12/24)
Scrolls
 g - 2 scrolls of enchant armour
 j - 3 scrolls of fear
 q - a scroll of recharging
 u - 6 scrolls of teleportation
 w - 14 scrolls of remove curse
 y - 6 scrolls of magic mapping
 G - 5 scrolls of fog
 S - 3 scrolls of identify
Potions
 d - 4 potions of heal wounds
 e - a potion of cure mutation
 i - 3 potions of berserk rage
 k - 3 potions of brilliance
 m - a potion of agility
 o - 2 potions of haste
 r - 2 potions of magic
 v - a potion of resistance
 A - 7 potions of curing
 F - 3 potions of ambrosia
 L - a potion of cancellation
 M - 2 potions of invisibility
 O - a potion of flight
 U - 3 potions of might
Comestibles
 c - 15 bread rations
 f - 5 beef jerkies
 n - 9 slices of pizza
 t - 34 fruits
 C - 7 meat rations
 Q - 4 chunks of flesh


   Skills:
 + Level 13.0 Fighting
 * Level 17.3 Axes
 * Level 15.1 Bows
 + Level 12.9 Armour
 + Level 11.8 Dodging


You had 14 spell levels left.
You didn't know any spells.

Dungeon Overview and Level Annotations

Branches:
Dungeon (13/15)            Temple (0/1) D:5            Lair (6/6) D:9
  Swamp (0/4) Lair:3       Spider (0/4) Lair:2        Slime (0/5) Lair:5
    Orc (2/2) D:9             Elf (0/3) Orc:2
 Vaults: D:13-14

Altars:
Ashenzari
Elyvilon
Hepliaklqana
Makhleb
Sif Muna
Uskayaw
Vehumet
Yredelemnul
Zin
The Shining One

Shops:
D:4 ?   D:6 (   D:10 *   Orc:2 *?*%[?

Portals:
Hell: Lair:6

Annotations:
D:4 1 runed door


Innate Abilities, Weirdness & Mutations

You reflexively headbutt those who attack you in melee.
You have a pair of horns on your head.
You are agile. (Dex +2)


Message History

The frost giant gestures at you while chanting.
The bolt of cold hits you!
* * * LOW HITPOINT WARNING * * *
The shadow slips into darkness.
The shadow flickers and vanishes!
Deactivating autopickup; reactivate with Ctrl-A.
The frost giant points at you and mumbles some strange words.
The bolt of cold hits you!
* * * LOW HITPOINT WARNING * * *
There is a stone staircase leading up here.
You feel much better.
The freezing wraith hits you but does no damage.
The freezing wraith misses you.
The frost giant points at you and mumbles some strange words.
The bolt of cold hits you! The freezing wraith hits you.
* * * LOW HITPOINT WARNING * * *
The freezing wraith freezes you!
* * * LOW HITPOINT WARNING * * *
The freezing wraith hits you!
You die...

*#.WW[§####.........,,,,,,*
####.§§§##...........,,,,*
##§§C§#.......>...,,,,*
#§5C§#...........,,,,*****
##.C§#...........,,,,,,,,*
##########(...........,,>,,,,,,
#..........C.{........,,,,,,,,,
#...........CW........,,,,,,,,,
#.............@.......,,,,,,,,,
#..................###***,,,,,,
#.........#######..#,,,,*,,,,,,
#....)....#.....#,.#,,,,*,,,,,,
#†....###'#.....#,,#,,,,+,,,,,,
#.....#.........#.,*,,,,#......
#.....#.........#.,*,,,,#......
#.....#.........#..*,,,,#......
###.....#........##..######......


You could see a frost giant, a fire giant, 2 cyclopes, a freezing wraith and a
trident of flaming.

Vanquished Creatures
  A sphinx (D:13)
  2 dire elephants (Lair:6)
  7 hydras
  A centaur warrior (Volcano)
  The ghost of nikopol the Cleaver, a novice MiBe of Trog (D:10)
  The ghost of nikopol the Cleaver, a novice MiBe of Trog (Lair:1)
  4 ogre magi (Orc:2)
  A deep troll earth mage (D:13)
  A tengu warrior (D:13)
  11 death yaks
  A sun demon (Lair:6)
  A sixfirhy (Lair:6)
  A hell knight (Volcano)
  A flayed ghost (D:13)
  5 unseen horrors
  4 hill giants
  2 wizards
  The ghost of Brouzouf the Thaumaturge, a novice HEAE of Vehumet (D:8)
  A wolf spider zombie (D:13)
  An ugly thing (D:13)
  A wolf spider (Lair:3)
  3 orc knights
  6 oklob plants
  An orc sorcerer (Orc:1)
  11 elephants
  3 cyclopes
  Psyche (D:10)
  A smoke demon (Lair:6)
  8 black mambas
  A gargoyle (D:11)
  2 rime drakes
  4 orange demons (Lair:6)
  9 spiny frogs
  3 komodo dragons
  The ghost of galech the Ruffian, an amateur TrMo (D:4)
  A tengu conjurer (D:13)
  2 trolls
  3 ice devils (Lair:6)
  2 polar bears
  15 two-headed ogres
  2 red devils (Lair:6)
  A hornet (Lair:2)
  8 hippogriffs
  22 blink frogs
  9 hogs
  25 yaks
  4 wyverns
  A human (D:7)
  7 basilisks
  2 vampire mosquitoes (D:12)
  A warg (Orc:2)
  2 hell hounds (Lair:6)
  9 porcupines
  12 water moccasins
  7 ice beasts
  2 black bears
  30 orc warriors
  2 sky beasts (D:13)
  A necrophage (D:11)
  4 phantoms
  39 ogres
  18 wolves
  7 centaurs
  19 crocodiles
  Blork the orc (D:6)
  3 big kobolds
  A wyvern zombie (D:11)
  A gnoll sergeant (D:6)
  12 bullfrogs
  A wyvern skeleton (D:8)
  5 scorpions
  21 wights
  3 killer bees (D:12)
  3 electric eels (D:6)
  4 howler monkeys
  3 crimson imps (D:5)
  A quasit (D:7)
  A bullfrog zombie (D:5)
  8 hounds
  3 jellies
  14 orc priests
  Crazy Yiuf (D:5)
  24 orc wizards
  2 centaur skeletons
  7 iguanas
  3 hell rats (D:9)
  10 worker ants
  A big kobold zombie (Ossuary)
  3 hound zombies
  A hound skeleton (D:10)
  8 mummies (Ossuary)
  2 worker ant zombies
  6 gnolls
  16 adders
  A river rat (D:9)
  3 shadow imps
  4 oozes
  2 adder skeletons
  8 worms
  11 dart slugs
  7 leopard geckos
  91 orcs
  7 giant cockroaches
  A gnoll zombie (Ossuary)
  3 goblins
  4 hobgoblins
  7 jackals
  5 quokkas
  2 ball pythons
  12 bats
  4 frilled lizards
  2 hobgoblin zombies (Ossuary)
  14 kobolds
  A kobold zombie (Ossuary)
  3 orc zombies (Ossuary)
  A quokka skeleton (D:4)
  11 rats
  4 bushes
  13 fungi
  47 plants
797 creatures vanquished.

Vanquished Creatures (collateral kills)
  2 orc knights (Bailey)
2 creatures vanquished.

Vanquished Creatures (others)
  Kirke (Lair:5)
  A polar bear (Lair:5)
  A dart slug (D:6)
  A bush (Lair:2)
  22 fungi
  15 plants
41 creatures vanquished.

Grand Total: 840 creatures vanquished

Notes
Turn   | Place    | Note
-------+----------+-------------------------------------------
     0 | D:1      | nikopol the Minotaur Berserker began the quest for the Orb.
     0 | D:1      | Reached XP level 1. HP: 19/19 MP: 0/0
   239 | D:1      | Reached XP level 2. HP: 24/27 MP: 1/1
   925 | D:2      | Reached skill level 4 in Axes
   925 | D:2      | Reached XP level 3. HP: 32/33 MP: 2/2
  1229 | D:2      | Found a shattered altar of Ashenzari.
  2033 | D:3      | Reached ** piety under Trog
  2199 | D:3      | Reached XP level 4. HP: 40/40 MP: 3/3
  2286 | D:3      | Reached XP level 5. HP: 47/47 MP: 4/4
  2389 | D:3      | Noticed a centaur
  2397 | D:3      | Killed a centaur
  2886 | D:4      | Reached skill level 5 in Fighting
  2886 | D:4      | Reached skill level 5 in Axes
  2886 | D:4      | Reached skill level 1 in Bows
  2897 | D:4      | Noticed an angel
  2899 | D:4      | Found a glowing silver altar of Zin.
  2918 | D:4      | Found a runed door.
  2927 | D:4      | Noticed galech's ghost (amateur TrMo)
  2948 | D:4      | Killed galech's ghost
  2948 | D:4      | Reached XP level 6. HP: 16/56 MP: 5/5
  3197 | D:4      | Reached XP level 7. HP: 61/61 MP: 6/6
  3294 | D:4      | Found a hazy altar of Hepliaklqana.
  3364 | D:4      | Found Eqie's Magic Scroll Boutique.
  3374 | D:4      | Bought a scroll of magic mapping for 35 gold pieces
  3374 | D:4      | Bought a scroll of identify for 20 gold pieces
  3514 | D:4      | Reached skill level 6 in Axes
  3514 | D:4      | Reached skill level 5 in Armour
  3654 | D:4      | Reached *** piety under Trog
  3741 | D:5      | Entered Level 5 of the Dungeon
  3855 | D:5      | Found a glowing silver altar of Zin.
  3964 | D:5      | Received a gift from Trog
  4093 | D:5      | Reached XP level 8. HP: 70/70 MP: 7/7
  4123 | D:5      | Reached skill level 7 in Axes
  4124 | D:5      | Reached skill level 5 in Dodging
  4223 | D:5      | Found a staircase to the Ecumenical Temple.
  4291 | D:5      | Found a basalt altar of Yredelemnul.
  4735 | D:5      | Found a runed door.
  4739 | D:5      | Noticed Crazy Yiuf
  4744 | D:5      | Killed Crazy Yiuf
  4776 | D:5      | Reached skill level 5 in Bows
  5079 | D:5      | Reached skill level 8 in Axes
  5532 | D:5      | Reached **** piety under Trog
  5664 | D:6      | Reached XP level 9. HP: 57/78 MP: 8/8
  5823 | D:6      | Noticed Blork the orc
  5828 | D:6      | Killed Blork the orc
  5853 | D:6      | Gained mutation: You are agile. (Dex +2) [potion of beneficial mutation]
  6153 | D:6      | Reached skill level 9 in Axes
  6409 | D:6      | Found a hide-covered altar of Uskayaw.
  6516 | D:6      | Found Rehuyr's Antique Weapon Shoppe.
  6519 | D:6      | Bought a blackened broad axe for 315 gold pieces
  6534 | D:6      | Identified the cursed +1 broad axe of Yredelemnul's Outrage {elec, -Tele rPois rC++ rN+} (You bought it in a shop on level 6 of the Dungeon)
  6612 | D:7      | Noticed a hill giant
  6625 | D:7      | Killed a hill giant
  6625 | D:7      | Reached skill level 10 in Axes
  6625 | D:7      | Reached XP level 10. HP: 76/88 MP: 9/9
  6626 | D:7      | Reached ***** piety under Trog
  6629 | D:7      | Received a gift from Trog
  7037 | D:7      | Found a white marble altar of Elyvilon.
  7193 | D:7      | You fall through a shaft!
  7265 | D:8      | Noticed Brouzouf's ghost (novice HEAE)
  7274 | D:8      | Killed Brouzouf's ghost
  7280 | D:8      | Found a sand-covered staircase.
  7294 | Ossuary  | Entered an ossuary
  8252 | D:8      | Noticed a hill giant
  8265 | D:8      | Killed a hill giant
  8265 | D:8      | Reached skill level 11 in Axes
  8862 | D:8      | Found a glowing golden altar of the Shining One.
  9254 | D:9      | Found a deep blue altar of Sif Muna.
  9299 | D:9      | Received a gift from Trog
  9354 | D:9      | Found a staircase to the Orcish Mines.
  9496 | D:9      | Reached XP level 11. HP: 95/95 MP: 10/10
  9564 | D:9      | Found a staircase to the Lair.
  9590 | D:9      | Received a gift from Trog
  9866 | D:9      | Found a radiant altar of Vehumet.
 10092 | Lair:1   | Entered Level 1 of the Lair of Beasts
 10481 | Lair:1   | Noticed nikopol's ghost (novice MiBe)
 10497 | Lair:1   | Killed nikopol's ghost
 10591 | Lair:1   | Reached skill level 12 in Axes
 10718 | Lair:1   | Reached skill level 10 in Bows
 11352 | Lair:2   | Received a gift from Trog
 11658 | Lair:2   | Reached XP level 12. HP: 66/105 MP: 7/11
 11811 | Lair:2   | Noticed a six-headed hydra
 11818 | Lair:2   | Killed a six-headed hydra
 11818 | Lair:2   | Reached skill level 13 in Axes
 11937 | Lair:2   | Reached skill level 10 in Armour
 11955 | Lair:2   | Received a gift from Trog
 12201 | Lair:2   | Reached skill level 10 in Fighting
 12397 | Lair:2   | Found a hole to the Spider Nest.
 12401 | Lair:2   | Reached ****** piety under Trog
 12618 | Lair:2   | Noticed a seven-headed hydra
 12627 | Lair:2   | Killed an 11-headed hydra
 13524 | Lair:3   | Found a staircase to the Swamp.
 13575 | Lair:3   | Noticed a four-headed hydra
 13584 | Lair:3   | Killed a four-headed hydra
 14474 | Lair:4   | Reached skill level 14 in Axes
 15212 | Lair:4   | Received a gift from Trog
 15212 | Lair:4   | Reached XP level 13. HP: 96/114 MP: 9/12
 15525 | Lair:5   | Found a staircase to the Slime Pits.
 15547 | Lair:5   | Noticed Kirke
 15595 | Lair:5   | Killed Kirke
 16001 | Lair:5   | Reached skill level 10 in Dodging
 17007 | Lair:6   | Entered Level 6 of the Lair of Beasts
 17025 | Lair:6   | Found a dark tunnel.
 17036 | Volcano  | Entered a volcano
 17075 | Volcano  | Reached skill level 15 in Axes
 17794 | Lair:6   | Reached XP level 14. HP: 69/125 MP: 7/13
 18159 | Lair:6   | Received a gift from Trog
 18363 | Lair:6   | Found a burning altar of Makhleb.
 18649 | Lair:6   | Found a gateway to Hell.
 18809 | Lair:6   | Received a gift from Trog
 19193 | Lair:6   | Reached skill level 16 in Axes
 19440 | Orc:1    | Entered Level 1 of the Orcish Mines
 19640 | Orc:1    | Received a gift from Trog
 20269 | Orc:2    | Entered Level 2 of the Orcish Mines
 20269 | Orc:2    | Found a staircase to the Elven Halls.
 20545 | Orc:2    | Received a gift from Trog
 20731 | Orc:2    | Found Puceont's Magic Scroll Shop.
 20731 | Orc:2    | Found Worph's Armour Emporium.
 20732 | Orc:2    | Found Qeilux's Food Emporium.
 20732 | Orc:2    | Found Qudojymu's Assorted Antiques.
 21163 | Orc:2    | Found Cetoczuo's Magic Scroll Shop.
 21169 | Orc:2    | Found Hudwic's General Store.
 21488 | D:10     | Entered Level 10 of the Dungeon
 21686 | D:10     | Noticed Psyche
 21691 | D:10     | Killed Psyche
 21790 | D:10     | Received a gift from Trog
 22108 | D:10     | Found Tym Xae's General Store.
 22111 | D:10     | Noticed nikopol's ghost (novice MiBe)
 22123 | D:10     | Killed nikopol's ghost
 23011 | D:12     | Received a gift from Trog
 23048 | D:12     | Reached XP level 15. HP: 134/134 MP: 14/14
 23503 | D:12     | Received a gift from Trog
 23909 | D:13     | Found a flagged portal.
 23919 | Bailey   | Entered a bailey
 23936 | Bailey   | Reached skill level 17 in Axes
 24058 | Bailey   | HP: 8/201 [orc knight/halberd (27)]
 25008 | D:13     | Noticed a sphinx
 25024 | D:13     | Killed a sphinx
 25024 | D:13     | Reached skill level 15 in Bows
 25030 | D:13     | Noticed a frost giant
 25035 | D:13     | Noticed a fire giant
 25059 | D:13     | HP: 6/135 [frost giant/bolt of cold (29)]
 25061 | D:13     | Slain by a freezing wraith

Skill      XL: |  1  2  3  4  5  6  7  8  9 10 11 12 13 14 15 |
---------------+----------------------------------------------+-----
Fighting       | 4 5 6 7 8 9 10 11 12 13 | 13.0
Axes           | 4 5 6 8 10 11 12 14 15 16 17 | 17.3
Armour         | 3 4 5 6 7 8 9 10 11 12 | 12.9
Dodging        | 3 4 5 6 7 8 9 10 11 | 11.8
Bows           | 2 4 5 7 9 10 12 13 14 15 | 15.1

Action                   |  1- 3 |  4- 6 |  7- 9 | 10-12 | 13-15 || total
-------------------------+-------+-------+-------+-------+-------++-------
Melee: Hand axe          |   105 |    39 |    25 |       |       ||   169
       Headbutt          |    15 |     6 |    36 |   125 |   107 ||   289
       War axe           |       |       |    98 |   457 |   425 ||   980
       Unarmed           |       |       |       |       |    12 ||    12
       Shortbow          |       |       |       |       |     2 ||     2
 Fire: Shortbow          |       |    18 |   213 |   426 |   816 ||  1473
Invok: Berserk           |       |     2 |     3 |     4 |     6 ||    15
       Burn Spellbooks   |       |       |     1 |       |     6 ||     7
       Trog's Hand       |       |       |       |       |     1 ||     1
       Brothers in Arms  |       |       |       |       |     1 ||     1
Evoke: Wand              |       |       |       |       |     1 ||     1
  Use: Scroll            |       |       |     6 |    20 |    14 ||    40
       Potion            |       |       |     1 |       |     2 ||     3
 Stab: Sleeping          |     1 |       |       |       |       ||     1
  Eat: Chunk             |     4 |     2 |    12 |    28 |    35 ||    81
       Meat ration       |       |     1 |       |       |       ||     1
       Fruit             |       |       |       |     2 |     1 ||     3
Armor: Animal skin       |    16 |       |       |       |       ||    16
       Leather armour    |    12 |     7 |       |       |       ||    19
       Scale mail        |       |     3 |    71 |   142 |    74 ||   290
       Chain mail        |       |       |       |       |     2 ||     2
       Plate armour      |       |       |       |       |   172 ||   172
Dodge: Dodged            |    77 |    19 |   106 |   334 |   416 ||   952
